 Seeded DCSS version 0.30-a0-779-g7971cf19c3 (webtiles) character file.

Game seed: 8796237800415217726 (custom seed)

144 BigDaddyOpFi the Covered (level 5, -3/48 HPs)
             Began as an Armataur Fighter on Feb 17, 2023.
             Slain by an orc priest
             ... wielding a +0 morningstar of holy wrath
              (8 damage)
             ... on level 4 of the Dungeon.
             The game lasted 00:02:05 (2175 turns).

BigDaddyOpFi the Covered (Armataur Fighter)         Turns: 2175, Time: 00:02:05

Health: -3/48      AC: 16    Str: 23    XL:     5   Next: 5%
Magic:  5/5        EV:  5    Int: 11    God:
Gold:   239        SH:  0    Dex: 13    Spells: 4/4 levels left

rFire   . . .      SeeInvis +    j - +2 executioner's axe of the Several People {freeze, rC+ Int+3 Dex+3}
rCold   + + .      Faith    .    (shield currently unavailable)
rNeg    . . .      Spirit   .    b - +0 scale mail
rPois   .          Reflect  .    (no helmet)
rElec   .          Harm     .    k - +2 cloak of the Thief {*Fog Slay-2 SInv Stlth+}
rCorr   .          Roll     +    (no gloves)
Will    .....                    i - +1 barding {rC+}
Stlth   +                        (no amulet)
HPRegen 0.28/turn                (no ring)
MPRegen 0.09/turn                (no ring)

@: brilliant
A: large, rugged brown scales 3, deformed body, armoured tail, roll, long
tongue, awkward tongue
a: no special abilities


You were on level 4 of the Dungeon.
You visited 1 branch of the dungeon, and saw 4 of its levels.

You collected 681 gold pieces.
You spent 442 gold pieces at shops.

Inventory:

Hand Weapons
 a - a +0 long sword
 j - the +2 executioner's axe of the Several People (weapon) {freeze, rC+ Int+3 Dex+3}
   (You acquired it on level 1 of the Dungeon)

   Int:       It affects your intelligence (+3).
   Dex:       It affects your dexterity (+3).
   rC:        It protects you from cold.
Armour
 b - a +0 scale mail (worn)
 c - a +0 buckler
 i - a +1 barding of cold resistance (worn)
 k - the +2 cloak of the Thief (worn) {*Fog Slay-2 SInv Stlth+}
   (You bought it in a shop on level 2 of the Dungeon)

   *Fog:      It may release a thick cloud of smoke when the wearer is hurt.
   Slay:      It affects your accuracy & damage with ranged weapons and melee
   (-2).
   SInv:      It lets you see invisible.
   Stlth:     It makes you more stealthy.
Jewellery
 o - an amulet of regeneration
Wands
 t - a wand of paralysis (10)
Scrolls
 l - 2 scrolls of noise
 q - 4 scrolls of identify
 r - a scroll of magic mapping
 u - a scroll of enchant weapon {unknown}
 v - a scroll of enchant armour {unknown}
 w - 2 scrolls of poison {unknown}
Potions
 d - a potion of might
 e - 2 potions of curing {unknown}
 f - 2 potions of attraction {unknown}
 g - 2 potions of berserk rage {unknown}
 h - a potion of magic {unknown}
 m - a potion of mutation {unknown}
 n - a potion of lignification {unknown}
 p - a potion of invisibility {unknown}
 s - 2 potions of brilliance


   Skills:
 + Level 3.5 Fighting
 + Level 2.8 Long Blades
 + Level 4.7 Armour
 + Level 4.2 Shields


You had 4 spell levels left.
You didn't know any spells.
Your spell library was empty.

Dungeon Overview and Level Annotations

Branches:
Dungeon (4/15)
 Temple: D:4-7

Altars:

Shops:
D:1 :   D:2 *


Innate Abilities, Weirdness & Mutations

You are completely covered in rugged brown scales. (AC +3, +7% HP)
Armour fits poorly on your strangely shaped body.
You have a long armoured tail.
You roll when moving toward enemies. (Rampage)
Your long tongue fully drains potion bottles. (2x potion effects)
Your tongue gives you trouble enunciating. (1.5x scroll delay)


Message History

The orc wizard hits you but does no damage.
The orc wizard hits you with a +0 dagger.
The orc priest invokes the aid of Beogh against you.
Beogh smites you! The goblin hits you but does no damage.
You closely miss the orc wizard.
The orc wizard is severely wounded.
You slash the orc priest! You freeze the orc priest.
You closely miss the goblin. The goblin hits you with a +0 dagger.
The orc priest hits you with a +0 morningstar of holy wrath!
The orc wizard points at you and mumbles some strange words.
The puff of flame hits you.
* * * LOW HITPOINT WARNING * * *
The orc wizard closely misses you.
The orc priest mumbles some strange prayers to Beogh against you.
Pain shoots through your body!
* * * LOW HITPOINT WARNING * * *
The goblin completely misses you.
You are too injured to fight recklessly!
You are too injured to fight recklessly!
You are too injured to fight recklessly!
You are too injured to fight recklessly!
You are too injured to fight recklessly!
You are too injured to fight recklessly!
You are too injured to fight recklessly!
You are too injured to fight recklessly!
You are too injured to fight recklessly!
You are too injured to fight recklessly!
You are too injured to fight recklessly!
You are too injured to fight recklessly!
You are too injured to fight recklessly!
You are too injured to fight recklessly!
You are too injured to fight recklessly!
You are too injured to fight recklessly!
You are too injured to fight recklessly!
You slurp down every last drop of the 3 cyan potions!
It was a potion of brilliance.
You feel clever all of a sudden. The giant cockroach barely misses you.
The orc priest hits you with a +0 morningstar of holy wrath!
You die...

.... ### ######## ..#.###
#.# ##......##
..#...###.###........##
..##..................#
..##..................#.
...##...##...............
.....##..###..........##.
.....###.# #....))......
.......#.# #...B@†.......
....##.#.. #...ogo!...#..
...........#....J........
....#. #........o.......
....#.# ##...........$.#
..... . #.............#
..#...........#
####........#.#


You could see an orc priest, an orc wizard (invisible), an orc, an endoplasm, a
giant cockroach and a goblin.

Vanquished Creatures
  A jelly (D:4)
  3 gnolls (D:2)
  3 adders
  A worm (D:2)
  An orc (D:4)
  6 endoplasms
  5 giant cockroaches
  4 hobgoblins
  6 jackals (D:2)
  A quokka (D:3)
  4 ball pythons
  5 bats
  3 goblins
  3 kobolds
  5 rats
51 creatures vanquished.

Notes
Turn   | Place    | Note
-------+----------+-------------------------------------------
     0 | D:1      | BigDaddyOpFi the Armataur Fighter began the quest for the
                  | Orb.
     0 | D:1      | Reached XP level 1. HP: 19/19 MP: 1/1
    59 | D:1      | Found Veoliky's Book Emporium.
    78 | D:1      | Identified 3 scrolls of acquirement
    78 | D:1      | Acquired a +1 barding of cold resistance
    85 | D:1      | Acquired the +2 executioner's axe of the Several People
                  | {freeze, rC+ Int+3 Dex+3}
    93 | D:1      | Acquired 478 gold pieces
   281 | D:1      | Reached XP level 2. HP: 25/26 MP: 2/2
   586 | D:2      | Reached XP level 3. HP: 33/33 MP: 3/3
   662 | D:2      | Found a faded altar of an unknown god.
   801 | D:2      | Found Fuiquv's Assorted Antiques.
   810 | D:2      | Bought the +2 cloak of the Thief {*Fog Slay-2 SInv Stlth+}
                  | for 442 gold pieces
   810 | D:2      | Found the +2 cloak of the Thief {*Fog Slay-2 SInv Stlth+}
  1181 | D:2      | Reached XP level 4. HP: 38/40 MP: 4/4
  1552 | D:2      | Identified the +4 hand axe "Fumm" {freeze, *Rage Dex+4}
  2173 | D:4      | Reached XP level 5. HP: 37/48 MP: 5/5
  2175 | D:4      | Slain by an orc priest

Illustrated notes

Levels and vault maps discovered:
D:1:      heliophobic_arrival_henge, layout_rooms, serial_shops, shop_statue
D:2:      layout_basic, serial_shops, nicolae_lakefront_shop,
          ebering_ecumenical_altar_ruins
D:3:      layout_basic
D:4:      layout_rooms, kennysheep_generic_room_4

Skill      XL: |  1  2  3  4 |
---------------+-------------+-----
Long Blades    | 2 |  2.8
Armour         | 4 |  4.7
Fighting       | 3 |  3.5
Shields        | 4 |  4.2

Action                     |  1- 3 |  4- 6 || total
---------------------------+-------+-------++-------
  Melee: Executioner's axe |    59 |    67 ||   126
         Long sword        |     2 |       ||     2
         Tailslap          |     4 |     7 ||    11
    Use: Scroll            |     9 |       ||     9
         Potion            |       |     1 ||     1
 Armour: Scale mail        |    67 |   100 ||   167
  Dodge: Dodged            |    31 |    37 ||    68

Table legend: (Time is in decaauts)
 A = Elapsed time spent in this place.
 B = Non-inter-level travel time spent in this place.
 C = Inter-level travel time spent in this place.
 D = Time resting spent in this place.
 E = Time spent auto-exploring this place.
 F = Levels seen in this place.
 G = Mean time per level.
                   A        B        C        D        E       F      G
               +--------+--------+--------+--------+--------+-----+--------+
         Total |   2292 |   2148 |    144 |      0 |   1739 |   4 |  573.0 |
       Dungeon |   2292 |   2148 |    144 |      0 |   1739 |   4 |  573.0 |
               +--------+--------+--------+--------+--------+-----+--------+

Top non-repeatable levels by time:
     D:2: 1208 daAuts
     D:1: 561 daAuts
     D:3: 455 daAuts
     D:4: 67 daAuts
